 Dungeon Crawl Stone Soup version 0.19.0-18-g426998a (webtiles) character file.

130 dracos369 the Spear-Bearer (level 5, -9/41 HPs)
             Began as a Merfolk Chaos Knight on Nov 11, 2016.
             Killed from afar by an orc wizard (11 damage)
             ... with a puff of flame
             ... on level 3 of the Dungeon.
             The game lasted 00:06:04 (1196 turns).

dracos369 the Spear-Bearer (Merfolk Chaos Knight)   Turns: 1196, Time: 00:06:05

Health: -9/41      AC:  5    Str: 13    XL:     5   Next: 14%
Magic:  5/5        EV: 12    Int: 11    God:    Xom [*.....]
Gold:   124        SH:  0    Dex: 14    Spells: 0 memorised, 4 levels left

rFire  . . .     SeeInvis .     a - +0 spear (chaos)
rCold  . . .     Gourm    .     b - +2 leather armour
rNeg   . . .     Faith    .     (no shield)
rPois  .         Spirit   .     (no helmet)
rElec  .         Reflect  .     (no cloak)
rCorr  .         Harm     .     (no gloves)
MR     .....                    (no boots)
Stlth  +.........               (no amulet)
                                (no ring)
                                (no ring)

@: no status effects
A: change form in water, swift swim, stealthy swim
a: Renounce Religion


You were on level 3 of the Dungeon.
You worshipped Xom.
You were a special plaything of Xom.
You were not hungry.

You visited 1 branch of the dungeon, and saw 3 of its levels.

You collected 124 gold pieces.

Inventory:

Hand Weapons
 a - a +0 spear of chaos (weapon)
Armour
 b - a +2 leather armour (worn)
Wands
 h - a wand of lightning (0/15)
Scrolls
 e - a scroll of fog {unknown}
 f - 2 scrolls of identify {unknown}
 k - 2 scrolls of noise {unknown}
 m - a scroll of teleportation {unknown}
Potions
 i - a potion of mutation {unknown}
 j - a potion of magic {unknown}
 l - a potion of heal wounds {unknown}
Comestibles
 c - 4 bread rations
 d - 4 chunks of flesh
 g - a beef jerky


   Skills:
 - Level 3.2 Fighting
 + Level 8.2 Polearms
 - Level 0.6 Armour
 - Level 2.6 Dodging


You had 4 spell levels left.
You didn't know any spells.

Dungeon Overview and Level Annotations

Branches:
Dungeon (3/15)

Altars:
Cheibriados
Hepliaklqana
Nemelex Xobeh


Message History

You have reached level 5!
You feel agile.
The bolt of lightning hits the orc wizard.
The orc wizard is almost dead.
The bolt of lightning misses the orc wizard.
Evoking this partially-identified wand wasted a few charges.
The orc wizard mumbles some strange words.
The orc wizard flickers and vanishes!
Deactivating autopickup; reactivate with Ctrl-A.
Evoke which item? (* to show all) (? for menu, Esc to quit)
Zapping:
h - a wand of lightning {zapped: 5} (will waste charges)
Press: ? - help, Shift-Dir - straight line You hear a mighty clap of thunder!
The bolt of lightning hits the adder.
You kill the adder!
Evoking this partially-identified wand wasted a few charges.
You hear an angry hiss.
A puff of flame appears from out of thin air!
The puff of flame hits you!
You die...

##...## #.# #.....## #.#
.......### #.#
..._.....# #.#
.......#.# #####.#
#.....##.# #.....######
##...###.###.##.........
.##.##
#.....##.######### ....#
####.###.@.))).... .####
##...########[#.# .#
##.....## . .# #...)...#
.# #..._...# .#
#...[...# .# ##.....##
.# ##...## .# #####


There were no monsters in sight!

Vanquished Creatures
  An orc priest (D:3)
  An orc wizard (D:3)
  An adder (D:3)
  3 worms (D:2)
  2 dart slugs (D:1)
  3 orcs
  2 giant cockroaches
  7 goblins
  10 hobgoblins
  2 kobolds (D:2)
  A quokka (D:2)
  2 ball pythons
  5 bats
  2 frilled lizards
  5 rats (D:1)
47 creatures vanquished.

Vanquished Creatures (others)
  An orc (D:3)
1 creature vanquished.

Grand Total: 48 creatures vanquished

Notes
Turn   | Place    | Note
-------+----------+-------------------------------------------
     0 | D:1      | dracos369 the Merfolk Chaos Knight began the quest for the Orb.
     0 | D:1      | Reached XP level 1. HP: 18/18 MP: 1/1
    64 | D:1      | XOM: harmless Hex miscast
    87 | D:1      | Reached skill level 5 in Polearms
   106 | D:1      | Reached XP level 2. HP: 24/24 MP: 2/2
   114 | D:1      | XOM: potion effect (agility)
   353 | D:1      | Reached XP level 3. HP: 27/29 MP: 3/3
   390 | D:1      | Reached skill level 6 in Polearms
   676 | D:2      | XOM: silly message
   974 | D:2      | Found a sparkling altar of Nemelex Xobeh.
   990 | D:2      | XOM: harmless Necr miscast
  1056 | D:2      | Reached XP level 4. HP: 31/35 MP: 4/4
  1149 | D:3      | Found a snail-covered altar of Cheibriados.
  1160 | D:3      | Found a hazy altar of Hepliaklqana.
  1164 | D:3      | Reached skill level 7 in Polearms
  1181 | D:3      | XOM: noise
  1191 | D:3      | XOM: butterfly on damage
  1192 | D:3      | XOM: divine lightning (protected)
  1194 | D:3      | Reached skill level 8 in Polearms
  1194 | D:3      | Reached XP level 5. HP: 2/41 MP: 5/5
  1196 | D:3      | Killed from afar by an orc wizard

Skill      XL: |  1  2  3  4 |
---------------+-------------+-----
Polearms       | 5 6 8 |  8.2
Fighting       | |  3.2
Armour         | |  0.6
Dodging        | |  2.6

Action                   |  1- 3 |  4- 6 || total
-------------------------+-------+-------++-------
Melee: Spear             |   136 |    12 ||   148
Evoke: Wand              |       |     3 ||     3
 Stab: Distracted        |     1 |       ||     1
       Sleeping          |     3 |       ||     3
       Confused          |     2 |       ||     2
  Eat: Chunk             |     1 |       ||     1
Armor: Leather armour    |    17 |     1 ||    18
Dodge: Dodged            |    44 |     1 ||    45
